Map: Tours du crépuscule

Players

Sedrick - Winner!

  • Race: Terran Terran
  • League: Silver
  • Spawn Location: 7:00

zidar

  • Race: Zerg Zerg
  • League: Silver
  • Spawn Location: 1:00

VOD

Have the link to the VOD?

Description

Time

  • Played on: Dec. 13, 2015, 4:44 a.m.
  • Length: 7:02
Show
View Real Time Build Order
Export as new Build Order

Sedrick Terran - Winner!

Build Orders:  

Get SALT Encoding   

  12  0:01  SCV  
  13  0:14  SCV  
  14  0:20  Supply Depot  
  14  0:26  SCV  
  15  0:42  Barracks, SCV  
  16  0:52  Refinery  
  16  0:54  SCV  
  17  1:03  Barracks  
  17  1:06  SCV  
  18  1:23  SCV  
  19  1:31  Marine  
  20  1:42  Supply Depot  
  20  1:44  Orbital Command  
  20  1:48  Marine  
  21  1:56  Marine  
  22  2:06  Marine  
  22  2:07  Factory  
  23  2:11  SCV  
  23  2:12  Refinery  
  24  2:17  Marine  
  24  2:18  Supply Depot  
  25  2:24  Marine  
  26  2:31  SCV  
  27  2:39  Marine  
  27  2:42  Marine  
  27  2:43  SCV  
  30  2:50  Supply Depot  
  30  2:52  Starport  
  30  2:53  Factory Reactor  
  30  2:57  Marine  
  31  3:00  Marine  
  32  3:15  Marine  
  32  3:17  Marine  
  34  3:33  Marine  
  35  3:35  Marine  
  36  3:43  Medivac x2  
  36  3:47  Factory Tech Lab  
  40  3:51  Marine  
  40  3:53  Marine  
  42  3:56  Command Center  
  42  4:06  SCV  
  42  4:08  Marine  
  44  4:11  Marine, Supply Depot  
  45  4:28  Medivac  
  47  4:33  Marine x2, Siege Tank, Medivac  
  54  4:40  Supply Depot  
  54  4:45  SCV  
  55  5:01  Marine  
  55  5:02  SCV  
  57  5:14  SCV  
  56  5:35  Marine x2  
  58  5:36  Siege Tank  
  58  5:38  Medivac  
  63  5:53  Marine x2  
  65  6:02  Orbital Command  
  65  6:04  SCV  
  65  6:09  Siege Tank  
  69  6:15  Barracks  
  69  6:16  SCV  
  70  6:28  SCV  
  70  6:30  Barracks Reactor  
  70  6:32  Barracks Tech Lab  
  73  6:40  SCV  
  73  6:43  Refinery  
  73  6:45  Refinery  
Show
View Real Time Build Order
Export as new Build Order

zidar Zerg 

Build Orders: Hatch First 

Get SALT Encoding   

  12  0:01  Drone  
  13  0:12  Overlord  
  13  0:17  Drone  
  14  0:32  Drone x2  
  14  0:35  Drone  
  17  0:58  Drone  
  17  1:00  Hatchery  
  17  1:17  Extractor  
  16  1:20  Spawning Pool  
  15  1:26  Drone  
  15  1:27  Drone  
  17  2:10  Queen  
  17  2:12  Queen  
  21  2:23  Metabolic Boost  
  21  2:26  Drone  
  22  2:37  Roach Warren  
  22  2:42  Drone  
  22  2:43  Drone x2  
  24  2:50  Spine Crawler  
  23  2:55  Zergling x8  
  27  3:04  Overlord  
  27  3:22  Queen  
  29  3:37  Roach  
  29  3:38  Roach x2  
  29  3:39  Zergling x2  
  36  3:46  Overlord  
  36  3:47  Overlord  
  36  3:52  Extractor  
  35  4:07  Roach  
  35  4:08  Roach x4  
  45  4:36  Roach x3  
  51  4:39  Overlord  
  51  4:40  Overlord  
  51  4:53  Drone  
  52  5:00  Evolution Chamber  
  37  5:41  Roach  
  37  5:42  Roach x6  
  51  6:00  Ravager x3  
  51  6:01  Ravager x2  
  56  6:24  Queen  
Tags
 
Add a new tag
Caveats
  • Supply blocks, unpowered buildings, or Contaminate may cause inaccurate times.
  • Supply counts are checked every 10 seconds.